 Dungeon Crawl Stone Soup version 0.26.1-11-gd32895ea62 (webtiles) character file.

Game seed: 8622734859558579154

12948 Zeld the Artisan of Death (level 12, -7/81 HPs)
             Began as an Octopode Necromancer on May 21, 2021.
             Was a Priest of Kikubaaqudgha.
             Mangled by an eight-headed hydra (13 damage)
             ... on level 1 of the Lair of Beasts.
             The game lasted 01:02:44 (34612 turns).

Zeld the Artisan of Death (Octopode Necromancer)   Turns: 34612, Time: 01:02:45

Health: -7/81      AC:  1    Str:  8    XL:     12   Next: 0%
Magic:  25/31      EV: 17    Int: 21    God:    Kikubaaqudgha [***...]
Gold:   138        SH:  4    Dex: 13    Spells: 5/25 levels left

rFire    . . .     SeeInvis +   e - +9 dagger of Anxiety {vorpal, MP+9}
rCold    . . .     Faith    .   B - +0 buckler
rNeg     . . .     Spirit   .   (helmet restricted)
rPois    .         Reflect  .   p - amulet of regeneration
rElec    .         Harm     .   c - ring of see invisible
rCorr    .         Rampage  .   (no ring)
Will     .....                  (no ring)
Stlth    +++.......             (no ring)
HPRegen  0.63/turn              (no ring)
MPRegen  0.22/turn              (no ring)
                                (no ring)
                                (no ring)

@: no status effects
A: almost no armour, stealthy swim, amphibious, 8 rings, constrict 8, camouflage
1, gelatinous body 1
a: Renounce Religion, Receive Corpses


You were on level 1 of the Lair of Beasts.
You worshipped Kikubaaqudgha.
Kikubaaqudgha was most pleased with you.
You visited 4 branches of the dungeon, and saw 14 of its levels.
You also visited: Sewer.

You collected 1028 gold pieces.
You spent 890 gold pieces at shops.

Inventory:

Hand Weapons
 e - the +9 dagger of Anxiety (weapon) {vorpal, MP+9}
   (You found it on level 6 of the Dungeon)

   It inflicts extra damage upon your enemies.
   It affects your magic capacity (+9).
Armour
 B - a +0 buckler (worn)
Jewellery
 c - a ring of see invisible (left tentacle)
 p - an amulet of regeneration (around mantle)
Wands
 u - a wand of polymorph (9)
 v - a wand of flame (64) (quivered)
 y - a wand of iceblast (32)
Scrolls
 d - 8 scrolls of remove curse
 f - 2 scrolls of enchant armour
 g - a scroll of blinking
 l - 5 scrolls of teleportation
 m - 5 scrolls of amnesia
 o - a scroll of magic mapping
 s - 3 scrolls of enchant weapon
Potions
 a - 4 potions of haste
 b - 3 potions of might
 h - 2 potions of attraction {unknown}
 i - 2 potions of magic {unknown}
 j - 2 potions of resistance {unknown}
 k - 2 potions of heal wounds {unknown}
 n - 2 potions of curing
 r - 2 potions of flight {unknown}
 t - 2 potions of brilliance {unknown}
 w - a potion of invisibility {unknown}
 x - 2 potions of cancellation {unknown}
 A - a potion of berserk rage {unknown}


   Skills:
 + Level 7.4 Fighting
 - Level 7.4 Dodging
 - Level 2.6 Stealth
 * Level 2.5 Shields
 + Level 7.2 Spellcasting
 * Level 11.1 Necromancy
 - Level 9.6 Evocations


You had 5 spell levels left.
You knew the following spells:

 Your Spells              Type           Power        Failure   Level
a - Pain                  Necr           100%         1%          1
b - Animate Skeleton      Necr           100%         1%          1
c - Vampiric Draining     Necr           26%          1%          3
d - Animate Dead          Necr           26%          1%          4
e - Agony                 Necr           53%          2%          5
f - Death Channel         Necr           26%          16%         6

Your spell library contained the following spells:

 Spells                   Type           Power        Failure   Level
 Corpse Rot               Necr/Air       N/A          1%          2
 Sublimation of Blood     Necr           26%          1%          2
 Dispel Undead            Necr           53%          1%          4
 Excruciating Wounds      Necr           26%          2%          5
 Foxfire                  Conj/Fire      28%          11%         1
 Freeze                   Ice            28%          11%         1
 Magic Dart               Conj           28%          11%         1
 Summon Small Mammal      Summ           28%          11%         1
 Blink                    Tloc           N/A          16%         2
 Call Imp                 Summ           7%           16%         2
 Searing Ray              Conj           14%          16%         2
 Slow                     Hex            7%           16%         2
 Call Canine Familiar     Summ           7%           30%         3
 Conjure Flame            Conj/Fire      7%           30%         3
 Dazzling Flash           Conj/Hex       14%          30%         3
 Frozen Ramparts          Ice            14%          30%         3
 Inner Flame              Hex/Fire       7%           30%         3
 Mephitic Cloud           Conj/Pois/Air  7%           30%         3
 Ozocubu's Armour         Ice            7%           30%         3
 Summon Guardian Golem    Hex/Summ       7%           30%         3
 Fulminant Prism          Conj/Hex       3%           71%         4
 Hailstorm                Conj/Ice       7%           71%         4
 Iskenderun's Mystic Bla  Conj/Tloc      7%           71%         4
 Sticky Flame             Conj/Fire      7%           71%         4
 Summon Ice Beast         Ice/Summ       7%           71%         4
 Summon Lightning Spire   Summ/Air       7%           71%         4
 Fireball                 Conj/Fire      3%           96%         5
 Simulacrum               Ice/Necr       15%          85%         6


Dungeon Overview and Level Annotations

Branches:
Dungeon (11/15)            Temple (1/1) D:7            Lair (1/6) D:9
    Orc (1/2) D:9           Sewer (visited)

Altars:
Ashenzari
Cheibriados
Dithmenos
Elyvilon
Fedhas
Gozag
Hepliaklqana
Kikubaaqudgha
Makhleb
Nemelex Xobeh
Okawaru
Qazlal
Ru
Sif Muna
Trog
Uskayaw
Vehumet
Wu Jian
Xom
Yredelemnul
Zin
The Shining One
Lugonu

Shops:
D:6 ?   D:10 }   D:11 =


Innate Abilities, Weirdness & Mutations

You cannot wear most types of armour.
You are very stealthy in the water. (Stealth+)
You are amphibious.
You can wear up to eight rings at the same time.
You can use your tentacles to constrict eight enemies at once.
Your skin changes colour to match your surroundings (Stealth+).
Your rubbery body absorbs attacks. (AC +1, EV +1)


Message History

You feel life coursing into your body. The eight-headed hydra bites you! x2
The eight-headed hydra barely misses you.
You block the eight-headed hydra's attack.
The eight-headed hydra closely misses you.
The eight-headed hydra bites you! The eight-headed hydra bites you.
* * * LOW HITPOINT WARNING * * *
The eight-headed hydra barely misses you.
As you read the scroll of fear, it crumbles to dust.
You assume a fearsome visage.
The eight-headed hydra resists with some effort.
You block the eight-headed hydra's attack.
The eight-headed hydra completely misses you.
The eight-headed hydra bites you.
* * * LOW HITPOINT WARNING * * *
The eight-headed hydra misses you. The eight-headed hydra bites you!
* * * LOW HITPOINT WARNING * * *
The eight-headed hydra barely misses you.
The eight-headed hydra bites you!
You die...
Kikubaaqudgha rasps: "You have failed me!
Welcome... death!"

###.#......#####
................
.................
..........>......
##..#..รท.........
##.##............
#........###.#..#
#..##.D..#.......
#..P#.@..........
#........#.......
#...#....#.......
#........+.......
+........####.###
##.##..... ...
#.#....... ...
........... ..
..........


You could see an eight-headed hydra.

Vanquished Creatures
  Snorg (D:10)
  A hydra (D:11)
  Erica (D:10)
  An unseen horror (D:11)
  A cyclops (D:11)
  A gargoyle (D:11)
  A centaur skeleton (D:8)
  9 yaks
  3 basilisks
  2 wyverns (D:9)
  A wraith (D:10)
  Eustachio (D:6)
  4 wargs (D:9)
  6 water moccasins
  Duvessa (D:7)
  An acid dragon (D:10)
  3 orc warriors
  An ice beast (D:9)
  3 phantoms
  2 black bears
  4 sky beasts
  A necrophage (D:7)
  2 centaurs (D:8)
  8 ogres
  3 wolves (Lair:1)
  4 big kobolds
  Blork the orc (D:6)
  4 bullfrogs
  A gnoll sergeant (D:7)
  A wyvern zombie (D:10)
  Dowan (D:7)
  4 scorpions
  3 wights (D:7)
  4 killer bees (D:8)
  4 howler monkeys
  2 bullfrog zombies
  2 jellies
  2 quasits
  3 human zombies (D:7)
  2 bullfrog skeletons
  7 orc priests
  11 hounds
  Crazy Yiuf (D:4)
  Natasha (twice) (D:4)
  5 iguanas
  7 worker ants
  7 orc wizards
  A killer bee zombie (D:9)
  A hound zombie (D:9)
  A hound skeleton (D:11)
  4 mummies (D:7)
  A howler monkey zombie (D:7)
  13 adders
  7 gnolls
  3 river rats
  2 white imps
  3 ufetubi
  7 oozes (Sewer)
  An adder skeleton (D:5)
  9 worms
  3 dart slugs
  35 orcs
  8 giant cockroaches
  6 goblins
  7 hobgoblins
  9 jackals
  14 kobolds
  5 quokkas
  5 ball pythons
  8 bats
  5 frilled lizards
  An orc zombie (D:7)
  A quokka skeleton (D:4)
  3 quokka zombies
  11 rats
314 creatures vanquished.

Vanquished Creatures (collateral kills)
  A bullfrog (D:7)
  2 bullfrog skeletons
  Natasha (D:4)
  An adder (D:7)
  An orc (D:7)
6 creatures vanquished.

Vanquished Creatures (others)
  7 fungi (D:9)
  12 plants (D:9)
19 creatures vanquished.

Grand Total: 339 creatures vanquished

Notes
Turn   | Place    | Note
-------+----------+-------------------------------------------
     0 | D:1      | Zeld the Octopode Necromancer began the quest for the Orb.
     0 | D:1      | Reached XP level 1. HP: 11/11 MP: 3/3
    37 | D:1      | Learned a level 1 spell: Animate Skeleton
   303 | D:1      | Reached XP level 2. HP: 16/18 MP: 3/5
  1494 | D:1      | Reached XP level 3. HP: 20/22 MP: 3/6
  1498 | D:1      | Learned a level 3 spell: Vampiric Draining
  1927 | D:2      | Reached skill level 1 in Fighting
  3802 | D:2      | Reached XP level 4. HP: 28/28 MP: 5/7
  4787 | D:3      | Found a glowing drain.
  4791 | Sewer    | Entered a sewer
  5091 | Sewer    | Noticed a big kobold
  5264 | Sewer    | Killed a big kobold
  5265 | Sewer    | Reached skill level 5 in Necromancy
  5265 | Sewer    | Reached XP level 5. HP: 32/34 MP: 1/9
  5270 | Sewer    | Learned a level 4 spell: Animate Dead
  5759 | Sewer    | Noticed a big kobold
  5774 | Sewer    | Killed a big kobold
  5775 | Sewer    | Reached XP level 6. HP: 15/39 MP: 0/10
  8194 | D:3      | Found a basalt altar of Yredelemnul.
  8198 | D:3      | Noticed a profane servitor
  8211 | D:3      | Found a glowing golden altar of the Shining One.
  8213 | D:3      | Noticed an angel
  8774 | D:3      | Reached skill level 6 in Necromancy
  8774 | D:3      | Reached XP level 7. HP: 44/45 MP: 8/12
 10105 | D:4      | Found a burning altar of Makhleb.
 10105 | D:4      | Found a glowing silver altar of Zin.
 10112 | D:4      | Noticed an angel
 10112 | D:4      | Noticed a balrug
 10830 | D:4      | Reached skill level 1 in Evocations
 10984 | D:4      | Found a runed translucent door.
 10985 | D:4      | Noticed Crazy Yiuf
 11003 | D:4      | Killed Crazy Yiuf
 11304 | D:4      | Noticed Natasha
 11311 | D:4      | Killed Natasha
 11553 | D:4      | Noticed Natasha
 11558 | D:4      | Killed Natasha
 11646 | D:4      | Noticed Natasha
 11650 | D:4      | Killed Natasha
 11921 | D:5      | Entered Level 5 of the Dungeon
 11959 | D:5      | Reached XP level 8. HP: 51/52 MP: 10/13
 11965 | D:5      | Learned a level 5 spell: Agony
 12833 | D:5      | Found an ornate altar of the Wu Jian Council.
 14186 | D:5      | Reached skill level 7 in Necromancy
 14378 | D:6      | Noticed Blork the orc
 14382 | D:6      | Killed Blork the orc
 14568 | D:6      | Found Desas's Magic Scroll Emporium.
 15216 | D:6      | Noticed Eustachio
 15581 | D:6      | Killed Eustachio
 15782 | D:6      | Got a jewelled dagger
 15783 | D:6      | Identified the +9 dagger of Anxiety {vorpal, MP+9} (You
                  | found it on level 6 of the Dungeon)
 15943 | D:6      | Noticed a +0 dagger
 15943 | D:6      | Noticed a +0 dagger
 15944 | D:6      | Found a hide-covered altar of Uskayaw.
 16827 | D:6      | Reached XP level 9. HP: 58/58 MP: 15/15
 17466 | D:7      | Reached skill level 5 in Dodging
 17926 | D:7      | Found a sparkling altar of Nemelex Xobeh.
 17928 | D:7      | Found a shadowy altar of Dithmenos.
 17942 | D:7      | Found a hazy altar of Hepliaklqana.
 17956 | D:7      | Found a shimmering altar of Xom.
 17956 | D:7      | Found a snail-covered altar of Cheibriados.
 18013 | D:7      | Reached skill level 5 in Evocations
 18032 | D:7      | Reached skill level 8 in Necromancy
 18540 | D:7      | Reached skill level 5 in Spellcasting
 18556 | D:7      | Found a staircase to the Ecumenical Temple.
 18574 | D:7      | Noticed Dowan
 18575 | D:7      | Noticed Duvessa
 18830 | Temple   | Entered the Ecumenical Temple
 19248 | D:7      | Killed Duvessa
 19251 | D:7      | Killed Dowan
 19892 | D:7      | Reached skill level 5 in Fighting
 20236 | D:7      | Found an ancient bone altar of Kikubaaqudgha.
 20248 | D:7      | Became a worshipper of Kikubaaqudgha
 21420 | D:8      | Reached XP level 10. HP: 66/66 MP: 18/18
 21822 | D:8      | Reached skill level 9 in Necromancy
 22775 | D:8      | Reached * piety under Kikubaaqudgha
 22775 | D:8      | Identified Kikubaaqudgha's Volume of Black Magic
                  | (Kikubaaqudgha gifted it to you on level 8 of the Dungeon)
 22775 | D:8      | Received a gift from Kikubaaqudgha
 23417 | D:9      | Found a staircase to the Lair.
 24971 | D:9      | Found a staircase to the Orcish Mines.
 25864 | Lair:1   | Entered Level 1 of the Lair of Beasts
 26195 | D:9      | Reached skill level 10 in Necromancy
 26351 | D:9      | Found a glowing golden altar of the Shining One.
 26365 | D:9      | Reached XP level 11. HP: 70/72 MP: 19/20
 27355 | D:9      | Found a sacrificial altar of Ru.
 27907 | Orc:1    | Entered Level 1 of the Orcish Mines
 27911 | Orc:1    | Reached ** piety under Kikubaaqudgha
 27953 | D:10     | Entered Level 10 of the Dungeon
 28039 | D:6      | Bought a scroll of acquirement for 572 gold pieces
 28166 | D:10     | Acquired 218 gold pieces
 28276 | D:10     | Noticed Snorg
 28296 | D:10     | Killed Snorg
 29514 | D:6      | Bought a scroll of remove curse for 33 gold pieces
 29514 | D:6      | Bought a scroll of remove curse for 33 gold pieces
 29514 | D:6      | Bought a scroll of fear for 38 gold pieces
 29514 | D:6      | Bought a scroll of enchant weapon for 82 gold pieces
 30378 | D:10     | Noticed Erica
 30397 | D:10     | Killed Erica
 31362 | D:10     | Found Qiequa's Gadget Shop.
 31368 | D:10     | Bought a wand of polymorph (9) for 132 gold pieces
 32000 | D:11     | Noticed a seven-headed hydra
 32019 | D:11     | Killed a seven-headed hydra
 32264 | D:11     | Noticed a cyclops
 32979 | D:11     | Killed a cyclops
 32980 | D:11     | Reached skill level 1 in Shields
 33017 | D:11     | Reached *** piety under Kikubaaqudgha
 33017 | D:11     | Identified Kikubaaqudgha's Compendium of Evil Rites
                  | (Kikubaaqudgha gifted it to you on level 11 of the Dungeon)
 33017 | D:11     | Received a gift from Kikubaaqudgha
 33417 | D:11     | Learned a level 5 spell: Excruciating Wounds
 33446 | D:11     | Learned a level 6 spell: Death Channel
 33484 | D:11     | Reached skill level 11 in Necromancy
 33775 | D:11     | Noticed an unseen horror
 33785 | D:11     | Killed an unseen horror
 33968 | D:11     | Found Fusup's Jewellery Shop.
 34334 | Lair:1   | Noticed an eight-headed hydra
 34341 | D:9      | Reached XP level 12. HP: 66/81 MP: 15/22
 34612 | Lair:1   | Mangled by an eight-headed hydra

Illustrated notes

Levels and vault maps discovered:
D:1:      amcnicky_arrival_blooded_trapdoor, layout_basic
D:2:      layout_basic, minmay_splitting_lines
D:3:      layout_basic, grunt_temple_overflow_holy_war, gup_sewer_entry_spiral
D:4:      layout_rooms, grunt_temple_overflow_order_and_chaos_2, uniq_natasha,
          uniq_crazy_yiuf_cottage
D:5:      layout_gridville, nzn_wu_jian_contemplation
D:6:      layout_basic, dancing_weapons_uskayaw, serial_shops, shop_fountains,
          uniq_eustachio, uniq_blork_the_orc
D:7:      layout_cave_pools, minmay_overflow_temple_star_hex,
          minmay_temple_entry_water_ring, lemuel_mausoleum_altar_kikubaaqudgha,
          uniq_duvessa
D:8:      layout_basic
D:9:      layout_roguey, nicolae_overflow_hidden_temple,
          minmay_lair_entry_grove, minmay_orc_entry_guard_dogs, basic_altar
D:10:     layout_basic, serial_shops, shop, uniq_erica, uniq_snorg
D:11:     layout_irregular_city, serial_shops, shop
Temple:   kb_corrupted_temple
Lair:1:   layout_regular_city, wad_woods_river_03, minivault_25,
          chequers_serial_rivers_room_a
Orc:1:    layout_caves, uniq_nergalle

Skill      XL: |  1  2  3  4  5  6  7  8  9 10 11 |
---------------+----------------------------------+-----
Fighting       | 1 2 3 4 5 6 7 |  7.4
Dodging        | 3 4 5 6 7 |  7.4
Necromancy     | 5 6 7 8 10 11 | 11.1
Spellcasting   | 3 4 5 6 7 |  7.2
Evocations     | 2 4 6 8 9 |  9.6
Shields        | 2 |  2.5
Stealth        | |  2.6

Action                   |  1- 3 |  4- 6 |  7- 9 | 10-12 || total
-------------------------+-------+-------+-------+-------++-------
Melee: Unarmed           |    10 |    20 |    47 |       ||    77
       Constrict         |     4 |     5 |    27 |    12 ||    48
       Tentacles         |     1 |     5 |    19 |    21 ||    46
       Dagger            |       |       |    58 |   112 ||   170
 Cast: Pain              |    68 |   156 |   154 |   136 ||   514
       Animate Skeleton  |    11 |    13 |    15 |       ||    39
       Vampiric Draining |     3 |     3 |    96 |   189 ||   291
       Animate Dead      |       |       |    18 |    21 ||    39
       Agony             |       |       |       |     2 ||     2
Evoke: Wand              |       |       |    10 |    18 ||    28
  Use: Scroll            |     1 |       |     9 |     9 ||    19
       Potion            |       |     3 |       |     4 ||     7
 Stab: Sleeping          |       |     1 |     7 |     2 ||    10
       Distracted        |       |       |     1 |       ||     1
       Paralysed         |       |       |       |     9 ||     9
Armor: Skin              |     1 |     2 |    13 |     9 ||    25
Dodge: Dodged            |     7 |    32 |   159 |   210 ||   408
Block: Buckler           |       |       |       |     8 ||     8
